AoeStats
← [SAPR] Janstonbeats

African Clearing

510477323Analyzed
2v2 RM · 10h ago on Oct 1, 2026· 38m 18s· 4 players
Game mode
Random Map
Map size
Medium (4 player)
Population
200
Speed
Normal
Resources
Standard
Victory
Conquest
Starting age
Dark Age
Ending age
Imperial Age
RankedLock teamsTeams togetherTeam positionsShared explorationLock speedFull tech treeHidden civsTurbo modeCheats
Victory
Defeat
🇺🇸 Malay · United States
1282
+13
🇨🇦 Spanish · Canada
1201
+17
🇦🇺 Danes · Australia
1316
-19
🇫🇷 Mongols · France
1127
-11
[SAPR] Janstonbeats
9:03 Loom
11:27 Feudal Age
19:15 Wheelbarrow
23:29 Scale Barding Armor
23:37 Bloodlines
25:37 Castle Age
23:48 Double-Bit Axe
23:52 Horse Collar
26:02 Forging
26:48 Chain Barding Armor
27:15 Husbandry
Hemsy124
5:46 Loom
13:32 Feudal Age
17:29 Castle Age
16:05 Double-Bit Axe
21:09 Fletching
27:35 Bodkin Arrow
34:02 Pikeman
34:43 Squires
35:31 Scale Mail Armor
35:41 Forging
35:41 Arson
MkobeW
12:04 Loom
15:20 Feudal Age
14:57 Fishing Lines
20:28 Castle Age
18:35 Double-Bit Axe
20:02 Gillnets
22:34 Bow Saw
23:57 Wheelbarrow
23:30 Horse Collar
24:44 Heavy Plow
25:46 Hand Cart
30:10 Imperial Age
28:06 Forging
28:01 Scale Barding Armor
28:33 Scale Barding Armor
28:22 Gold Mining
28:26 Stone Mining
29:40 Husbandry
30:37 Iron Casting
33:38 Blast Furnace
36:14 Elite Battle Elephant
Nhitty
12:22 Feudal Age
12:18 Loom
16:14 Castle Age
18:07 Fletching
33:18 Wheelbarrow
35:47 Horse Collar
Connection lost

Rejoining the realm…

Still unreachable

The connection could not be restored.

Session expired

The server has moved on; the page needs a fresh start.